 Dungeon Crawl Stone Soup version 0.27-a0-3-gcf006a40f5 (webtiles) character file.

Game seed: 16971326608959736915

9335 Anmu the Grappler (level 11, -2/107 HPs)
             Began as a Troll Berserker on Jan 1, 2021.
             Was a High Priest of Trog.
             Slain by a six-headed hydra (5 damage)
             ... on level 10 of the Dungeon.
             The game lasted 00:21:41 (7087 turns).

Anmu the Grappler (Troll Berserker)                 Turns: 7087, Time: 00:21:42

Health: -2/107     AC:  9    Str: 32    XL:     11   Next: 21%
Magic:  10/10      EV: 16    Int:  7    God:    Trog [*****.]
Gold:   685        SH:  0    Dex: 18    Spells: 10/10 levels left

rFire    . . .     SeeInvis .   f - +6 hunting sling of Infinity {vorpal, Str+5}
rCold    . . .     Faith    .   (no shield)
rNeg     . . .     Spirit   .   a - +0 animal skin
rPois    +         Reflect  .   n - +2 hat
rElec    .         Harm     .   m - +0 cloak {Stlth+}
rCorr    .         Rampage  .   (gloves unavailable)
Will     .....                  (boots unavailable)
Stlth    ++........             (no amulet)
HPRegen  0.67/turn              D - +6 ring of dexterity
MPRegen  0.12/turn              I - ring of poison resistance

@: no status effects
A: large, unfitting armour, claws 3, clever 2, regeneration 1, robust 1, shaggy
fur 1, tough skin 3, evolution 1
a: Renounce Religion, Berserk, Trog's Hand, Brothers in Arms


You were on level 10 of the Dungeon.
You worshipped Trog.
Trog was extremely pleased with you.
You visited 2 branches of the dungeon, and saw 11 of its levels.
You also visited: Ossuary.

You collected 685 gold pieces.

Inventory:

Hand Weapons
 f - the +6 hunting sling of Infinity (weapon) {vorpal, Str+5}
   (You took it off an orc on level 4 of the Dungeon)

   Any stone fired from it inflicts extra damage.
   It affects your strength (+5).
 F - the +3 whip of Putrescence {protect, rElec Str+6}
   (You found it on level 9 of the Dungeon)

   It grants its wielder temporary protection when it strikes (+7 to AC).
   It affects your strength (+6).
   It insulates you from electricity.
Missiles
 g - 209 stones (quivered ammo)
Armour
 a - a +0 animal skin (worn)
 m - a +0 cloak of stealth (worn)
 n - a +2 hat (worn)
Jewellery
 h - an uncursed ring of ice
 k - an uncursed ring of positive energy
 A - an uncursed ring of resist corrosion
 D - a +6 ring of dexterity (left claw)
 I - a ring of poison resistance (right claw)
 J - an uncursed ring of wizardry {unknown}
 K - an uncursed ring of stealth {unknown}
Wands
 i - a wand of iceblast (23)
 j - a wand of disintegration (17)
 v - a wand of acid (7)
 y - a wand of paralysis (12)
 E - a wand of enslavement (10)
 H - a wand of flame (10)
Scrolls
 c - 13 scrolls of remove curse
 d - 6 scrolls of identify
 o - 2 scrolls of noise
 p - 2 scrolls of torment {unknown}
 s - 3 scrolls of teleportation
 t - a scroll of amnesia {unknown}
 w - 3 scrolls of blinking {unknown}
 z - 2 scrolls of enchant armour {unknown}
 C - 3 scrolls of magic mapping {unknown}
Potions
 b - 12 potions of curing
 e - 2 potions of cancellation
 l - 3 potions of flight
 q - 4 potions of attraction {unknown}
 r - 3 potions of degeneration {unknown}
 u - a potion of haste {unknown}
 x - 3 potions of heal wounds {unknown}
 B - a potion of mutation
 G - 2 potions of lignification {unknown}


   Skills:
 + Level 3.9 Fighting
 * Level 9.4 Dodging
 + Level 13.3 Unarmed Combat


You had 10 spell levels left.
You didn't know any spells.
Your spell library was empty.

Dungeon Overview and Level Annotations

Branches:
Dungeon (10/15)            Temple (0/1) D:4            Lair (1/6) D:10
Ossuary (visited)
    Orc: D:9-12

Altars:
Cheibriados
Dithmenos
Elyvilon
Gozag
Hepliaklqana
Kikubaaqudgha
Nemelex Xobeh
Okawaru
Sif Muna
Xom
Beogh

Shops:
D:6 (


Innate Abilities, Weirdness & Mutations

You are too large for most types of armour.
You have claws for hands.
Your natural rate of healing is unusually fast.
You are covered in fur. (AC +1)
You have extremely tough skin. (AC +3)
Your mind is very acute. (Int +4)
You are robust. (+10% HP)
You evolve.


Message History

The six-headed hydra bites you but does no damage.
The six-headed hydra completely misses you.
The six-headed hydra bites you! x2
The six-headed hydra closely misses you.
The six-headed hydra bites you! The six-headed hydra misses you.
The six-headed hydra bites you.
The six-headed hydra bites you! x2; The six-headed hydra barely misses you.
The six-headed hydra bites you.
You climb upwards.
Welcome back to the Dungeon!
There is a staircase to the Lair here.
It was a potion of curing.
You feel better. The six-headed hydra bites you! x3
* * * LOW HITPOINT WARNING * * *
The six-headed hydra bites you!
* * * LOW HITPOINT WARNING * * *
The six-headed hydra bites you!
* * * LOW HITPOINT WARNING * * *
The six-headed hydra barely misses you.
The six-headed hydra bites you but does no damage.
The six-headed hydra bites you.
You die...

#
#..##.##†###.#.####>..###
#
#..##....(...#...........
#
#.......................#
#
#.######..######..)......
#### #.#
###.....####<........ ...#
#.###.........##.........
##.#
##.##........P..##.......#
#.#
#......P..................
#.#
#.#......@D........#...##.
#.#
#.##.............#.######.
#.# #.###...........##.#
###. #.#
#...##.........###.# #.).
#.# #..#####.....### #.#
#.## #.# #..#
##..#..####.# #.# #.# #..#
##..........# #.## #.#
#..# #........#######...
#.# ##..#
#.###...######.....


You could see a six-headed hydra.

Vanquished Creatures
  A two-headed ogre (D:9)
  Urug (D:10)
  A sixfirhy (D:7)
  Nergalle (D:10)
  Pikel (D:6)
  A gargoyle (D:10)
  A troll (D:9)
  Grinder (D:6)
  The ghost of Perttuleena the Covert, an amateur OpBr (D:4)
  2 wraiths (Ossuary)
  A vampire (D:10)
  A wyvern (D:10)
  A yak (D:10)
  Eustachio (D:5)
  Duvessa (D:4)
  3 orc warriors
  2 ice beasts
  4 black bears
  Purgy (D:3)
  A necrophage (D:10)
  3 sky beasts
  5 ogres
  3 centaurs
  A lemure (D:6)
  A big kobold (D:9)
  6 bullfrogs
  Dowan (D:4)
  3 scorpions
  14 wights
  A howler monkey (D:5)
  A centaur zombie (D:6)
  4 hounds
  4 orc priests
  2 jellies
  Crazy Yiuf (D:3)
  A bullfrog skeleton (D:7)
  3 gnoll shamans
  3 iguanas
  Natasha (twice) (D:4)
  5 worker ants
  Ijyb (D:3)
  7 orc wizards
  3 hound skeletons
  2 worker ant zombies (D:9)
  12 adders
  17 gnolls
  3 shadow imps
  2 white imps
  2 ufetubi
  3 adder skeletons
  A worm (D:4)
  5 dart slugs
  9 leopard geckos
  44 orcs
  5 ball pythons
  13 bats
  3 giant cockroaches
  12 goblins
  10 hobgoblins
  9 jackals
  10 kobolds
  3 quokkas
  A ball python skeleton (Ossuary)
  5 frilled lizards
  A giant cockroach zombie (D:6)
  A hobgoblin skeleton (Ossuary)
  A kobold zombie (Ossuary)
  2 leopard gecko skeletons (D:7)
  2 orc skeletons (Ossuary)
  An orc zombie (Ossuary)
  A quokka zombie (D:5)
  8 rats
290 creatures vanquished.

Vanquished Creatures (others)
  A fungus (D:3)
  2 plants (D:4)
3 creatures vanquished.

Grand Total: 293 creatures vanquished

Notes
Turn   | Place    | Note
-------+----------+-------------------------------------------
     0 | D:1      | Anmu the Troll Berserker began the quest for the Orb.
     0 | D:1      | Reached XP level 1. HP: 22/22 MP: 0/0
    87 | D:1      | Reached XP level 2. HP: 29/29 MP: 1/1
   414 | D:1      | Reached XP level 3. HP: 36/36 MP: 2/2
   421 | D:1      | Reached ** piety under Trog
   884 | D:2      | Reached XP level 4. HP: 41/44 MP: 3/3
  1166 | D:3      | Noticed Purgy
  1170 | D:3      | Reached skill level 4 in Unarmed Combat
  1186 | D:3      | Killed Purgy
  1187 | D:3      | Reached XP level 5. HP: 52/52 MP: 4/4
  1288 | D:3      | Noticed Ijyb
  1304 | D:3      | Killed Ijyb
  1321 | D:3      | Reached skill level 5 in Unarmed Combat
  1371 | D:3      | Reached XP level 6. HP: 35/61 MP: 5/5
  1513 | D:3      | Reached *** piety under Trog
  1672 | D:3      | Found a runed translucent door.
  1673 | D:3      | Noticed Crazy Yiuf
  1680 | D:3      | Killed Crazy Yiuf
  1852 | D:4      | Found a staircase to the Ecumenical Temple.
  2000 | D:4      | Found a runed translucent gate.
  2000 | D:4      | Noticed Perttuleena's ghost (amateur OpBr)
  2001 | D:4      | Found a runed translucent gate.
  2001 | D:4      | Identified the +6 hunting sling of Infinity {vorpal, Str+5}
  2002 | D:4      | Found a runed translucent gate.
  2002 | D:4      | Found a roughly hewn altar of Beogh.
  2012 | D:4      | Gained mutation: Your mind is acute. (Int +2) [potion of
                  | mutation]
  2012 | D:4      | Gained mutation: You evolve. [potion of mutation]
  2012 | D:4      | Gained mutation: You are robust. (+10% HP) [potion of
                  | mutation]
  2057 | D:4      | Found a white marble altar of Elyvilon.
  2063 | D:4      | Noticed Natasha
  2071 | D:4      | Killed Natasha
  2075 | D:4      | Reached XP level 7. HP: 73/73 MP: 6/6
  2088 | D:4      | Reached skill level 6 in Unarmed Combat
  2137 | D:4      | Noticed a shadow
  2139 | D:4      | Found a shadowy altar of Dithmenos.
  2140 | D:4      | Found a hazy altar of Hepliaklqana.
  2263 | D:4      | Noticed Dowan
  2264 | D:4      | Noticed Duvessa
  2274 | D:4      | Killed Duvessa
  2275 | D:4      | Reached skill level 5 in Dodging
  2276 | D:4      | Killed Dowan
  2406 | D:4      | Found an ancient bone altar of Kikubaaqudgha.
  2535 | D:4      | Killed Perttuleena's ghost
  2551 | D:4      | Reached **** piety under Trog
  2600 | D:4      | Noticed Natasha
  2603 | D:4      | Killed Natasha
  2604 | D:4      | Reached skill level 7 in Unarmed Combat
  2709 | D:5      | Entered Level 5 of the Dungeon
  2720 | D:5      | Reached XP level 8. HP: 79/82 MP: 7/7
  2941 | D:5      | Reached skill level 8 in Unarmed Combat
  2991 | D:5      | Found a sand-covered staircase.
  3003 | Ossuary  | Entered an ossuary
  3132 | Ossuary  | Noticed a flying skull
  3164 | Ossuary  | Noticed a flying skull
  3228 | Ossuary  | Reached skill level 9 in Unarmed Combat
  3245 | Ossuary  | Reached XP level 9. HP: 83/90 MP: 8/8
  3500 | D:5      | Gained mutation: Your mind is very acute. (Int +4)
                  | [evolution]
  3539 | D:5      | Noticed Eustachio
  3549 | D:5      | Killed Eustachio
  3673 | D:5      | Reached ***** piety under Trog
  3829 | D:6      | Noticed Pikel
  3840 | D:6      | Killed Pikel
  3841 | D:6      | Reached skill level 10 in Unarmed Combat
  4056 | D:6      | Found Itekhlitz's Antique Weapon Shoppe.
  4145 | D:6      | Found a shimmering altar of Xom.
  4219 | D:6      | Noticed Grinder
  4224 | D:6      | Killed Grinder
  4484 | D:7      | Found a runed translucent door.
  4484 | D:7      | Noticed a sixfirhy
  4507 | D:7      | Reached skill level 11 in Unarmed Combat
  4671 | D:7      | Reached XP level 10. HP: 94/99 MP: 9/9
  5091 | D:7      | Killed a sixfirhy
  5209 | D:8      | Found a shimmering blue altar of Sif Muna.
  5209 | D:8      | Found a snail-covered altar of Cheibriados.
  5214 | D:8      | Found an iron altar of Okawaru.
  5216 | D:8      | Found an opulent altar of Gozag.
  5218 | D:8      | Found a sparkling altar of Nemelex Xobeh.
  5806 | D:9      | Found a sparkling altar of Nemelex Xobeh.
  5934 | D:9      | Noticed a two-headed ogre
  5943 | D:9      | Killed a two-headed ogre
  5944 | D:9      | Reached skill level 12 in Unarmed Combat
  5960 | D:9      | Received a gift from Trog
  6040 | D:9      | Got a distressingly furry buckler
  6199 | D:9      | Got a bloodstained whip
  6200 | D:9      | Identified the +3 whip of Putrescence {protect, rElec
                  | Str+6} (You found it on level 9 of the Dungeon)
  6211 | D:9      | Found the +2 cloak of the Thief {*Fog Slay-2 SInv Stlth+}
  6308 | D:10     | Entered Level 10 of the Dungeon
  6311 | D:10     | Noticed a gargoyle
  6314 | D:10     | Killed a gargoyle
  6407 | D:10     | Noticed Nergalle
  6411 | D:10     | Noticed Urug
  6419 | D:10     | Killed Urug
  6420 | D:10     | Reached skill level 13 in Unarmed Combat
  6420 | D:10     | Reached XP level 11. HP: 89/107 MP: 10/10
  6427 | D:10     | Killed Nergalle
  6661 | D:10     | Found a staircase to the Lair.
  6873 | D:10     | Found a white marble altar of Elyvilon.
  7078 | Lair:1   | Entered Level 1 of the Lair of Beasts
  7078 | Lair:1   | Noticed a six-headed hydra
  7086 | D:10     | HP: 2/107 [six-headed hydra (9)]
  7087 | D:10     | Slain by a six-headed hydra

Illustrated notes

Levels and vault maps discovered:
D:1:      wander_arrival_peaceful_grave, layout_basic
D:2:      layout_basic
D:3:      layout_rooms, minivault_14, minmay_between, uniq_crazy_yiuf_cottage,
          uniq_ijyb, uniq_purgy
D:4:      layout_rooms, riverfiend_overflow_shadow_ancestor,
          kennysheep_little_box, elyvilon_altar_3,
          minmay_temple_entry_overgrown, biasface_ghost_orc_armoury,
          roderic_lattice_a, uniq_natasha, uniq_duvessa
D:5:      layout_loops_ring, nicolae_ossuary_entry_monument, uniq_menkaure,
          uniq_eustachio
D:6:      layout_cave_pools, lemuel_round_altar, serial_shops,
          nicolae_shop_behind_doors, uniq_pikel, uniq_grinder
D:7:      cheibrodos_shockbox, layout_cave_pools
D:8:      layout_loops_ring, chequers_temple_overflow_minitemple,
          chequers_serial_rivers_small_b
D:9:      layout_rooms, lemuel_altar_in_water
D:10:     layout_loops_ring, david_lair_generic, basic_altar,
          minmay_diced_spiral, uniq_urug, uniq_nergalle
Lair:1:   layout_cave_pods, infiniplex_staircase_pool

Skill      XL: |  1  2  3  4  5  6  7  8  9 10 |
---------------+-------------------------------+-----
Dodging        | 3 4 5 6 8 9 |  9.4
Unarmed Combat | 4 5 7 9 11 13 | 13.3
Fighting       | 3 |  3.9

Action                   |  1- 3 |  4- 6 |  7- 9 | 10-12 || total
-------------------------+-------+-------+-------+-------++-------
Melee: Unarmed           |   102 |   177 |   265 |   157 ||   701
       Punch             |     1 |     5 |     8 |    20 ||    34
 Fire: Hunting sling     |       |       |     2 |     4 ||     6
Invok: Berserk           |       |     5 |     5 |     3 ||    13
  Use: Scroll            |       |     3 |     2 |       ||     5
       Potion            |       |     3 |     1 |     1 ||     5
 Stab: Sleeping          |     1 |     3 |     2 |     4 ||    10
       Distracted        |       |       |       |     1 ||     1
Armor: Animal skin       |    50 |    68 |    75 |    32 ||   225
Dodge: Dodged            |    62 |   113 |   136 |   104 ||   415

Table legend: (Time is in decaauts)
 A = Elapsed time spent in this place.
 B = Non-inter-level travel time spent in this place.
 C = Inter-level travel time spent in this place.
 D = Time resting spent in this place.
 E = Time spent auto-exploring this place.
 F = Levels seen in this place.
 G = Mean time per level.
                   A        B        C        D        E       F      G
               +--------+--------+--------+--------+--------+-----+--------+
         Total |   7102 |   6828 |    274 |    242 |   5035 |  12 |  591.8 |
       Dungeon |   6795 |   6521 |    274 |    242 |   4843 |  10 |  679.5 |
          Lair |      7 |      7 |      0 |      0 |      0 |   1 |    7.0 |
       Ossuary |    300 |    300 |      0 |      0 |    192 |   1 |  300.0 |
               +--------+--------+--------+--------+--------+-----+--------+

Top non-repeatable levels by time:
     D:4: 971 daAuts
     D:5: 802 daAuts
    D:10: 764 daAuts
     D:1: 729 daAuts
     D:7: 687 daAuts
     D:6: 633 daAuts
     D:3: 625 daAuts
     D:8: 599 daAuts
     D:9: 555 daAuts
     D:2: 425 daAuts
 Ossuary: 300 daAuts
  Lair:1: 7 daAuts
